Map: Dash and Terminal LE (Void)

Players

KingKoo

  • Race: Zerg Zerg
  • League: Gold

Chernobog - Winner!

  • Race: Terran Terran
  • League: Gold

VOD

Have the link to the VOD?

Description

Time

  • Played on: Sept. 4, 2015, 12:08 a.m.
  • Length: 17:07
Show
View Real Time Build Order
Export as new Build Order

KingKoo Zerg 

Build Orders: Hatch First, Muta Ling Bane 

Get SALT Encoding   

  12  0:00  Drone  
  13  0:10  Drone  
  14  0:17  Overlord  
  14  0:35  Drone  
  14  0:36  Drone x2  
  17  0:54  Hatchery  
  16  0:57  Drone  
  16  1:00  Extractor  
  16  1:02  Drone  
  17  1:15  Spawning Pool  
  17  1:18  Drone  
  17  1:25  Drone  
  18  1:31  Drone  
  19  1:40  Drone  
  20  1:51  Overlord  
  20  2:02  Queen  
  20  2:07  Zergling x2  
  23  2:08  Metabolic Boost  
  23  2:09  Drone  
  24  2:18  Queen  
  24  2:19  Drone  
  24  2:21  Drone  
  28  2:25  Drone  
  29  2:34  Drone  
  30  2:37  Drone  
  31  2:48  Drone x2  
  31  2:50  Drone  
  34  2:57  Overlord  
  34  2:58  Extractor  
  33  3:00  Drone  
  34  3:05  Baneling Nest  
  34  3:08  Zergling x2  
  34  3:10  Overlord  
  34  3:11  Zergling x4  
  36  3:18  Zergling x2  
  37  3:22  Zergling x4  
  37  3:25  Overlord, Zergling x2  
  37  3:26  Zergling x2  
  41  3:30  Zergling x2  
  42  3:35  Queen  
  42  3:37  Zergling x2  
  42  3:40  Zergling x2  
  46  3:43  Zergling x2  
  46  3:47  Zergling x2  
  46  3:48  Zergling x2  
  49  3:49  Drone  
  50  3:56  Zergling x2  
  50  3:57  Roach Warren, Zergling x6  
  50  4:01  Baneling x4  
  50  4:02  Baneling  
  53  4:05  Drone  
  54  4:12  Lair  
  47  4:35  Zergling x8  
  47  4:38  Drone x4  
  51  4:39  Drone  
  51  4:40  Drone  
  54  4:49  Drone  
  54  4:53  Drone  
  54  4:54  Roach x2  
  58  5:00  Drone  
  58  5:01  Drone  
  60  5:08  Drone  
  60  5:11  Roach  
  59  5:16  Roach  
  59  5:17  Overlord x2  
  58  5:21  Spire  
  58  5:26  Drone  
  58  5:27  Drone  
  59  5:31  Extractor  
  59  5:32  Drone x2  
  59  5:33  Extractor  
  59  5:37  Drone  
  59  5:40  Hatchery  
  58  5:49  Ravager  
  60  5:50  Ravager  
  60  5:51  Roach x2  
  60  5:54  Roach  
  60  5:55  Roach x2  
  60  5:56  Roach  
  72  5:59  Drone x2  
  72  6:01  Baneling x2  
  72  6:02  Drone  
  72  6:30  Roach x2  
  72  6:31  Roach x2  
  73  6:33  Roach x2  
  73  6:34  Zergling x4  
  73  6:37  Overlord  
  73  6:38  Overlord  
  76  6:46  Hydralisk Den  
  75  6:47  Zergling x2  
  76  7:00  Roach x4  
  76  7:01  Zergling x8  
  88  7:13  Roach  
  88  7:14  Roach x2  
  88  7:15  Queen  
  92  7:16  Drone x3  
  92  7:17  Lurker Den  
  92  7:19  Drone  
  98  7:34  Overlord x2  
  98  7:38  Glial Reconstitution  
  98  7:43  Centrifical Hooks  
  98  7:47  Extractor  
  98  7:48  Overlord x3, Extractor  
  96  7:58  Mutalisk  
  96  7:59  Mutalisk x2  
  96  8:01  Zergling x4  
  96  8:02  Zergling x4  
  106  8:07  Hydralisk x2  
  106  8:12  Drone x2  
  112  8:13  Drone  
  112  8:15  Drone  
  112  8:17  Drone x2  
  116  8:30  Drone x2  
  118  8:46  Overlord x3  
  118  8:57  Overlord x2  
  118  9:04  Overlord x2  
  118  9:06  Lurker x2, Hydralisk  
  122  9:23  Hatchery  
  106  9:36  Hydralisk x2  
  100  9:39  Hydralisk x4  
  100  9:43  Ravager  
  100  9:44  Ravager x7  
  109  9:50  Hydralisk x3  
  109  9:51  Hydralisk  
  115  9:54  Hydralisk  
  115  9:57  Hydralisk  
  118  10:02  Hydralisk  
  90  11:11  Drone x2  
  89  11:12  Drone x2  
  89  11:13  Drone  
  89  11:17  Hatchery, Extractor  
  87  11:20  Extractor  
  86  11:29  Hatchery  
  50  12:02  Spawning Pool  
  36  12:32  Drone  
  35  12:51  Zergling x2  
  35  12:52  Zergling x14  
  35  12:53  Zergling x6  
  35  12:54  Lair  
  46  12:58  Spore Crawler  
  46  12:59  Spore Crawler  
  46  13:00  Spore Crawler, Spine Crawler  
  46  13:03  Spine Crawler x2  
  46  13:04  Spore Crawler  
  39  13:06  Drone  
  39  13:07  Drone, Spore Crawler  
  39  13:09  Drone  
  39  13:10  Zergling x2  
  39  13:11  Zergling x8  
  39  13:12  Drone  
  47  13:14  Spore Crawler, Drone  
  47  13:33  Zergling x10  
  47  13:34  Zergling x4  
  32  14:03  Drone  
  32  14:08  Drone x2  
  32  14:09  Spine Crawler  
  26  14:12  Spine Crawler  
  26  14:13  Drone x2  
  25  14:22  Spine Crawler  
  21  14:26  Spine Crawler  
  17  14:38  Drone x2  
  15  14:59  Spore Crawler  
  14  15:02  Spine Crawler  
  4  16:09  Drone  
Show
View Real Time Build Order
Export as new Build Order

Chernobog Terran - Winner!

Build Orders: Reaper Expand, MMM Bio 

Get SALT Encoding   

  12  0:01  SCV  
  13  0:13  SCV  
  14  0:19  Supply Depot  
  14  0:25  SCV  
  15  0:40  SCV  
  15  0:42  Barracks  
  16  0:45  Refinery  
  16  0:52  SCV  
  17  1:06  SCV  
  18  1:18  SCV  
  19  1:31  Supply Depot, Reaper  
  21  1:33  Orbital Command  
  20  1:56  Command Center  
  20  2:07  Factory  
  20  2:10  SCV  
  21  2:22  SCV  
  22  2:27  Barracks  
  22  2:28  Barracks Reactor  
  22  2:29  Barracks  
  22  2:34  SCV, Refinery  
  23  2:47  SCV  
  24  2:59  SCV  
  25  3:11  Orbital Command  
  25  3:13  SCV  
  26  3:23  Barracks Tech Lab  
  26  3:24  Barracks Reactor, Supply Depot  
  26  3:25  Hellion x2  
  30  3:30  Barracks  
  30  3:31  SCV  
  31  3:43  SCV, Stimpack  
  31  3:44  SCV, Starport  
  31  3:46  Marine  
  34  3:56  SCV  
  34  3:57  SCV  
  38  4:03  Hellion x2  
  38  4:04  Marine  
  38  4:07  Barracks Tech Lab  
  38  4:08  SCV  
  38  4:09  SCV  
  43  4:20  SCV  
  43  4:21  SCV, Supply Depot  
  42  4:32  SCV  
  42  4:37  Marine x3  
  44  4:39  Barracks Reactor  
  44  4:40  Marine  
  44  4:43  Starport Reactor  
  44  4:44  Hellion x2  
  47  4:55  Marine x2  
  47  4:57  Marine x2  
  40  5:04  Combat Shields, Orbital Command  
  40  5:06  Hellion x2  
  41  5:13  Marine x2  
  38  5:15  Marine x2  
  38  5:19  Marine  
  40  5:27  Hellion x2  
  44  5:30  Bunker  
  44  5:31  Marine  
  44  5:32  Marine x2  
  44  5:35  SCV  
  48  5:36  SCV  
  49  5:44  Marine x2  
  49  5:47  SCV  
  49  5:48  SCV, Marine  
  54  5:53  Supply Depot  
  54  5:59  SCV  
  55  6:04  Armory  
  55  6:05  SCV  
  55  6:11  SCV, Marine  
  57  6:14  Medivac  
  57  6:17  Medivac  
  62  6:21  Concussive Shells  
  62  6:23  Marine  
  60  6:33  Marauder, Marine x3  
  66  6:41  Marine  
  62  6:56  Command Center  
  62  6:58  Marine x4  
  64  7:03  Medivac  
  64  7:05  Medivac  
  68  7:14  Marine  
  69  7:15  Marine  
  69  7:21  Supply Depot  
  70  7:25  Liberator x2  
  70  7:27  Marine  
  70  7:29  Marauder  
  70  7:42  Marine x2  
  78  7:45  Supply Depot  
  78  7:46  Supply Depot  
  78  7:48  Supply Depot  
  78  8:07  Marauder x2, Marine x4  
  78  8:08  Liberator x2  
  86  8:24  Marine x3  
  95  8:27  Marine  
  95  8:29  Marauder x2  
  100  8:42  Marine  
  101  8:54  Marine  
  101  8:55  Marauder, Marine x2  
  108  8:56  Marauder  
  108  9:00  Marine  
  108  9:01  Barracks  
  108  9:02  Barracks  
  109  9:10  Orbital Command  
  109  9:12  Marine x2  
  109  9:13  Marine  
  109  9:16  Marine  
  113  9:26  Marine x2  
  113  9:30  Marine x2  
  111  9:34  Marauder  
  111  9:35  Marine  
  112  9:43  Marine  
  112  9:44  Marine  
  114  9:47  Marine  
  114  9:48  Marine x2  
  117  9:54  Marine  
  117  9:59  Marine x2  
  119  10:01  Marine  
  119  10:02  Marauder  
  119  10:05  Marine  
  119  10:06  Marine x2  
  122  10:12  Marine  
  122  10:18  Marauder  
  121  10:23  Marauder  
  121  10:28  Marine x2  
  107  10:38  Marine x3  
  107  10:39  Marauder  
  104  10:45  Marauder  
  104  10:46  Marine  
  104  10:47  Marine x2  
  91  10:56  Marine x2  
  91  11:00  Marauder  
  91  11:01  Marine  
  86  11:04  Marine x2  
  86  11:09  Marauder  
  84  11:13  Marine  
  84  11:14  Marine  
  79  11:22  Marine x3  
  78  11:30  Marauder  
  78  11:31  Marine  
  78  11:32  Marine  
  65  11:39  Marine  
  58  11:40  Marine x2  
  55  11:49  Marine x2  
  55  11:52  Marauder  
  58  11:58  Marauder, Marine x2  
  57  12:04  Orbital Command  
  57  12:07  Marine x2  
  54  12:13  Marauder  
  52  12:15  Marine  
  52  12:16  Marine  
  48  12:39  Orbital Command  
  48  12:53  Orbital Command  
  45  13:44  Marine x2  
  45  13:45  Marauder  
  46  13:57  Marine x2  
  46  14:00  Marine  
  46  14:02  Marine  
  46  14:21  Marauder, Marine  
  44  14:43  Marine  
  44  14:45  Orbital Command  
  26  15:50  Orbital Command  
Tags
 
Add a new tag
Caveats
  • Supply blocks, unpowered buildings, or Contaminate may cause inaccurate times.
  • Supply counts are checked every 10 seconds.